 Dungeon Crawl Stone Soup version 0.31-a0-627-gd65175cf8b (webtiles) character file.

Game seed: 2747482151736317908

2 GordonOverkill the Sneak (level 1, 0/11 HPs)
             Began as a Vine Stalker Delver on Aug 25, 2023.
             Slain by an orc wizard
             ... wielding a +0 dagger
              (1 damage)
             ... on level 5 of the Dungeon.
             The game lasted 00:00:31 (89 turns).

GordonOverkill the Sneak (Vine Stalker Delver)        Turns: 89, Time: 00:00:31

Health: 0/11       AC:  3    Str: 14    XL:     1   Next: 30%
Magic:  0/2        EV: 11    Int: 10    God:
Gold:   38         SH:  0    Dex: 15    Spells: 0/0 levels left

rFire   . . .        a - +0 short sword
rCold   . . .        (no shield)
rNeg    . . .        b - +0 leather armour
rPois   .            (no helmet)
rElec   .            (no cloak)
rCorr   .            (no gloves)
SInv    .            (no boots)
Will    .....        (no amulet)
Stlth   +            (no ring)
HPRegen 0.21/turn    (no ring)
MPRegen 0.08/turn

%: guardian spirit
@: confused, hasted, very quick
A: fangs 2, magic shield, antimagic bite, no potion heal 2
a: no special abilities


You were on level 5 of the Dungeon.
You visited 1 branch of the dungeon, and saw 2 of its levels.

You collected 38 gold pieces.

Inventory:

Hand Weapons
 a - a +0 short sword (weapon)
Armour
 b - a +0 leather armour (worn)
Wands
 g - a wand of digging (3)
Scrolls
 c - a scroll of fog
 d - a scroll of revelation
 e - a scroll of fear
 h - a scroll of teleportation {unknown}


   Skills:
 + Level 2.8 Fighting
 - Level 1.7 Short Blades
 - Level 1.5 Dodging
 - Level 6.0 Stealth


You couldn't memorise any spells.
You didn't know any spells.
Your spell library was empty.

Dungeon Overview and Level Annotations

Branches:
Dungeon (6/15)
 Temple: D:4-7

Altars:


Innate Abilities, Weirdness & Mutations

You have extremely sharp teeth.
When hurt, damage is shared between your health and your magic reserves.
Your bite disrupts and absorbs the magic of your enemies.
Potions cannot restore your health.


Message History

The orc is almost dead.
The orc misses you.
You hit the orc.
You kill the orc!
You hit something but do no damage. Something hits you.
You miss something. You hit something but do no damage.
Your bite misses something. Something hits you.
You hit something but do no damage. You bite something. You drain its magic.
You feel invigorated. Something hits you.
You miss something. Something hits you.
* * * LOW HITPOINT WARNING * * *
You feel yourself speed up. Something hits you.
* * * LOW HITPOINT WARNING * * *
You miss something. Something hits you but does no damage.
You closely miss something. You bite something. You hit something.
Something hits you.
* * * LOW HITPOINT WARNING * * *
You hit something. Your bite misses something.
Something hits you but does no damage.
You miss something. You barely miss something. Your bite misses something.
Something hits you but does no damage.
You hit something but do no damage. Something hits you.
* * * LOW HITPOINT WARNING * * *
You hit something but do no damage. You closely miss something.
Your bite misses something. Something hits you.
* * * LOW HITPOINT WARNING * * *
You miss something. You bite something. You closely miss something.
You hear some strange, mumbled words.
You are confused.
You completely miss something. Your bite misses something.
Something hits you but does no damage.
You completely miss something. Something hits you.
* * * LOW HITPOINT WARNING * * *
You bump into the rock wall.
You bump into the rock wall.
Something hits you.
You die...

#.# #.# #.#
#.# #.# #o#
#)# #.# #@#
###########.#
#...........#
#.###########
#.# #### #.#
..# #.# #.#
#.# ##>###.#


You could see an orc.

Vanquished Creatures
  An orc (D:5)
1 creature vanquished.

Notes
Turn   | Place    | Note
-------+----------+-------------------------------------------
     0 | D:5      | GordonOverkill the Vine Stalker Delver began the quest for
                  | the Orb.
     0 | D:5      | Reached XP level 1. HP: 11/11 MP: 2/2
    33 | D:5      | Noticed a hound
    39 | D:6      | Noticed an orc wizard
    61 | D:5      | Noticed an orc wizard
    89 | D:5      | Slain by an orc wizard

Illustrated notes

Levels and vault maps discovered:
D:5:      layout_loops_ring
D:6:      layout_loops_cross, minmay_temple_entry_wispy

Action                     || total
---------------------------++-------
  Melee: Short sword       ||    23
         Bite              ||     4
    Use: Potion            ||     1
 Armour: Leather armour    ||     5
  Dodge: Dodged            ||     2

Table legend: (Time is in decaauts)
 A = Elapsed time spent in this place.
 B = Non-inter-level travel time spent in this place.
 C = Inter-level travel time spent in this place.
 D = Time resting spent in this place.
 E = Time spent auto-exploring this place.
 F = Levels seen in this place.
 G = Mean time per level.
                   A        B        C        D        E       F      G
               +--------+--------+--------+--------+--------+-----+--------+
         Total |     82 |     82 |      0 |      0 |      0 |   2 |   41.0 |
       Dungeon |     82 |     82 |      0 |      0 |      0 |   2 |   41.0 |
               +--------+--------+--------+--------+--------+-----+--------+

Top non-repeatable levels by time:
     D:5: 80 daAuts
     D:6: 1 daAuts
